 Dungeon Crawl Stone Soup version 0.29-a0-284-gf9362112df (webtiles) character file.

Game seed: 15501205619689962971

152 zazu2006 the Sneak (level 5, -1/43 HPs)
             Began as a Naga Hedge Wizard on Mar 18, 2022.
             Slain by a scorpion (7 damage)
             ... on level 4 of the Dungeon.
             The game lasted 00:04:50 (4278 turns).

zazu2006 the Sneak (Naga Hedge Wizard)              Turns: 4278, Time: 00:04:51

Health: -1/43      AC:  2    Str: 12    XL:     5   Next: 34%
Magic:  5/11       EV: 10    Int: 17    God:
Gold:   130        SH:  0    Dex: 10    Spells: 3/12 levels left

rFire   . . .      SeeInvis +   u - +3 short sword
rCold   . . .      Faith    .   (no shield)
rNeg    . . .      Spirit   .   b - +0 robe
rPois   +          Reflect  .   c - +0 hat
rElec   .          Harm     .   (no cloak)
rCorr   .          Rampage  .   (no gloves)
Will    .....                   (no barding)
Stlth   ++........              (no amulet)
HPRegen 0.14/turn               (no ring)
MPRegen 0.12/turn               (no ring)

@: lethally poisoned (-1 -> -9), short of breath, very slightly contaminated,
very slow
A: AC +1, large, see invisible, deformed body, poison resistance, slowness 2,
spit poison 1, naga tail 1
a: Spit Poison


You were on level 4 of the Dungeon.
You visited 1 branch of the dungeon, and saw 4 of its levels.

You collected 130 gold pieces.

Inventory:

Hand Weapons
 u - a +3 short sword (weapon)
Missiles
 k - a throwing net
Armour
 b - a +0 robe (worn)
 c - a +0 hat (worn)
Scrolls
 f - 2 scrolls of enchant weapon {unknown}
 g - a scroll of amnesia {unknown}
 j - 5 scrolls of identify {unknown}
 l - 2 scrolls of teleportation {unknown}
 m - a scroll of vulnerability {unknown}
 o - a scroll of summoning {unknown}
 q - a scroll of fog {unknown}
Potions
 d - 2 potions of magic
 e - 2 potions of berserk rage {unknown}
 h - a potion of curing {unknown}
 i - a potion of degeneration {unknown}
 n - a potion of lignification {unknown}
 p - a potion of ambrosia {unknown}
 r - a potion of invisibility {unknown}
 s - a potion of heal wounds {unknown}
 t - a potion of brilliance {unknown}


   Skills:
 + Level 0.3 Fighting
 + Level 1.8 Dodging
 + Level 4.6 Stealth
 + Level 4.4 Spellcasting
 + Level 2.0 Conjurations
 + Level 1.0 Summonings
 + Level 1.0 Translocations
 * Level 1.0 Poison Magic


You had 3 spell levels left.
You knew the following spells:

 Your Spells              Type           Power      Damage    Failure   Level
a - Magic Dart            Conj           40%        1d5       6%          1
b - Mephitic Cloud        Conj/Pois/Air  7%         N/A       30%         3
c - Conjure Flame         Conj/Fire      7%         6-21      30%         3
d - Blink                 Tloc           14%        N/A       16%         2

Your spell library contained the following spells:

 Spells                   Type           Power      Damage    Failure   Level
 Slow                     Hex            12%        N/A       16%         1
 Call Imp                 Summ           7%         N/A       16%         2
 Poisonous Vapours        Pois/Air       10%        N/A       19%         2
 Corpse Rot               Necr/Air       6%         N/A       22%         2
 Ensorcelled Hibernation  Hex/Ice        6%         N/A       22%         2
 Passwall                 Tmut/Erth      2%         N/A       22%         2
 Swiftness                Air            3%         N/A       41%         3
 Olgreb's Toxic Radiance  Pois           7%         N/A       69%         4
 Ozocubu's Refrigeration  Ice            1%         4d5       100%        7
 Ignition                 Fire           1%         3d3       100%        8


Dungeon Overview and Level Annotations

Branches:
Dungeon (4/15)
 Temple: D:4-7

Altars:
Kikubaaqudgha
Xom


Innate Abilities, Weirdness & Mutations

Your serpentine skin is tough. (AC +1)
You have supernaturally acute eyesight. (SInv)
Armour fits poorly on your strangely shaped body.
Your system is resistant to poisons. (rPois)
You cover ground very slowly.
You can spit poison.
You have a snake-like lower body.


Message History

You feel very sick. The scorpion barely misses you.
You barely miss the scorpion.
The scorpion is almost dead.
You have got your breath back.
You feel sick. The scorpion stings you.
You are more poisoned.
The scorpion poisons you! The scorpion stings you!
You barely miss the scorpion.
The scorpion is almost dead.
You feel very sick. The scorpion stings you.
* * * LOW HITPOINT WARNING * * *
Unknown command.
Casting: Magic Dart (safe; 6% risk of failure)
Confirm with . or Enter, or press ? or * to list all spells.
Okay, then.
Okay, then.
Unknown command.
Unknown command.
Aiming: Spit Poison (1% risk of failure)
Press: ? - help, Shift-Dir - straight line, f/p - scorpion
Aim: a scorpion (almost dead, 59% to hit)
The splash of poison misses the scorpion.
* * * LOW HITPOINT WARNING * * *
You feel very sick. The scorpion stings you.
* * * LOW HITPOINT WARNING * * *
Unknown command.
Casting: Magic Dart (safe; 6% risk of failure)
Confirm with . or Enter, or press ? or * to list all spells.
Aiming: Magic Dart (safe; 6% risk of failure)
Press: ? - help, Shift-Dir - straight line, f/p - scorpion
Aim: a scorpion (almost dead, 100% to hit)
You miscast Magic Dart.
You are very lightly contaminated with residual magic.
Nothing appears to happen.
* * * LOW HITPOINT WARNING * * *
You feel sick. The scorpion stings you!
You die...

.### ..#. ...##
.###...
.......##
#..s.# #@### ..
##...###....
#...........
.....##.###[...
#.#### #.#
#^... #.# #.#
#.# #.# .. .#
#.###.# .# ..
#..##.#


You could see a scorpion.

Vanquished Creatures
  An orc priest (D:3)
  A jelly (D:3)
  3 adders
  2 dart slugs
  9 orcs (D:3)
  A bat (D:3)
  5 endoplasms
  2 giant cockroaches
  2 goblins (D:1)
  2 hobgoblins
  4 jackals (D:1)
  10 kobolds
  A quokka (D:1)
  5 ball pythons
  2 frilled lizards
  4 rats
54 creatures vanquished.

Notes
Turn   | Place    | Note
-------+----------+-------------------------------------------
     0 | D:1      | zazu2006 the Naga Hedge Wizard began the quest for the Orb.
     0 | D:1      | Reached XP level 1. HP: 15/15 MP: 4/4
   247 | D:1      | Reached XP level 2. HP: 22/22 MP: 0/6
  1170 | D:2      | Found a shimmering altar of Xom.
  1194 | D:2      | Reached XP level 3. HP: 24/28 MP: 2/8
  1201 | D:2      | Learned a level 3 spell: Mephitic Cloud
  1205 | D:2      | Learned a level 3 spell: Conjure Flame
  1208 | D:2      | Learned a level 2 spell: Blink
  2365 | D:3      | Reached XP level 4. HP: 27/36 MP: 2/10
  2521 | D:3      | Found an ancient bone altar of Kikubaaqudgha.
  3666 | D:3      | Reached XP level 5. HP: 36/42 MP: 3/11
  4143 | D:4      | Reached skill level 1 in Poison Magic
  4278 | D:4      | Slain by a scorpion

Illustrated notes

Levels and vault maps discovered:
D:1:      lemuel_arrival_broad_hall, layout_basic
D:2:      layout_loops_corners, basic_altar
D:3:      layout_rooms, overflow_temple_1_default, serial_co_window_serial,
          co_window_corner_a, co_window_paths_a, co_window_paths_a,
          co_window_paths_b, co_window_of_opportunity_a, co_window_paths_a,
          co_window_cross_1, co_window_paths_a, co_window_paths_b,
          co_window_broadway_b, co_window_corner_cb, co_window_unsneaky_path_c,
          co_window_paths_c, co_window_paths_d, st_stairs_9
D:4:      layout_rooms, nicolae_dithmenos_the_darkroom, minmay_hedge_maze,
          minmay_misc_feat_chi

Skill      XL: |  1  2  3  4  5 |
---------------+----------------+-----
Spellcasting   | 4 |  4.4
Stealth        | 4 |  4.6
Conjurations   | 2 |  2.0
Poison Magic   | 1 |  1.0
Fighting       | |  0.3
Dodging        | |  1.8
Summonings     | |  1.0
Translocations | |  1.0

Action                   |  1- 3 |  4- 6 || total
-------------------------+-------+-------++-------
Melee: Dagger            |    27 |     8 ||    35
       Punch             |     1 |       ||     1
       Short sword       |       |     3 ||     3
 Cast: Magic Dart        |    58 |    70 ||   128
       Mephitic Cloud    |     1 |       ||     1
 Abil: Spit Poison       |    12 |     6 ||    18
 Stab: Sleeping          |     2 |       ||     2
       Confused          |     1 |       ||     1
Armor: Robe              |     4 |     9 ||    13
Dodge: Dodged            |    21 |    11 ||    32

Table legend: (Time is in decaauts)
 A = Elapsed time spent in this place.
 B = Non-inter-level travel time spent in this place.
 C = Inter-level travel time spent in this place.
 D = Time resting spent in this place.
 E = Time spent auto-exploring this place.
 F = Levels seen in this place.
 G = Mean time per level.
                   A        B        C        D        E       F      G
               +--------+--------+--------+--------+--------+-----+--------+
         Total |   5234 |   5014 |    220 |    138 |   4487 |   4 | 1308.5 |
       Dungeon |   5234 |   5014 |    220 |    138 |   4487 |   4 | 1308.5 |
               +--------+--------+--------+--------+--------+-----+--------+

Top non-repeatable levels by time:
     D:3: 2341 daAuts
     D:2: 1596 daAuts
     D:1: 1132 daAuts
     D:4: 164 daAuts
